WASHINGTON vs TAMPA BAY

Created - Sunday, February 18, 2018 at 06:51

Goals
1 2 3 T
WASHINGTON 2 2 0 4
TAMPA BAY 1 1 0 2
Shots
1 2 3 T
WASHINGTON 5 17 7 29
TAMPA BAY 4 3 12 19

1st period

1. WASHINGTON , Casey Cizikas 9 (Victor Hedman 29) at 8:04
2. TAMPA BAY , John Klingberg 10 (Evgeni Malkin 24, Ryan Getzlaf 25) at 8:53
3. WASHINGTON , Alexander Wennberg 10 (Zach Werenski 22, Victor Hedman 30) at 14:10

Penalties :
Mathieu Perreault (TB ) for Holding (Minor) at 3:10, Rene Bourque (WSH) for Interference (Minor) at 5:57, Damon Severson (WSH) for Tripping (Minor) at 10:47, Charlie Coyle (TB ) for Delaying the game (Minor) at 18:05

2nd period

4. WASHINGTON , Victor Hedman 11 (Brayden Schenn 14) at 9:43 (PP)
5. TAMPA BAY , Evgeni Malkin 24 (Andrej Sekera 19, Ryan Getzlaf 26) at 14:47
6. WASHINGTON , Ryan Johansen 19 (Brayden Schenn 15, Viktor Arvidsson 22) at 17:52

Penalties :
Brandon Montour (TB ) for Charging (Minor) at 0:27, Nick Ritchie (TB ) for Roughing (Minor) at 3:13, Andrej Sekera (TB ) for Slashing (Double Minor) at 6:04, Victor Hedman (WSH) for Holding (Minor) at 19:25

3rd period

No Goal

Penalties :
Matt Niskanen (TB ) for Hooking (Minor) at 2:26, Ryan Miller (WSH) for Delaying the game (Minor) at 11:00 - Ryan Johansen served the penalty.

Goalie Stats

Ryan Miller (WSH), 17 saves from 19 shots - (0.895), W, 7-10-0, 60:00 minutes
Devan Dubnyk (TB ), 25 saves from 29 shots - (0.862), L, 20-18-3, 60:00 minutes

Players Stats for WASHINGTON

Player Name              G  A  P  +/- PIM S  H  SB GA TA FO     MP     PP MP  PK MP  
------------------------------------------------------------------------------------
Alexander Wennberg       1  0  1   2  0   3  0  0  0  0  9/16   17:53   5:48   1:03 
Brayden Schenn           0  2  2   0  0   2  1  0  0  0  3/5    20:56   7:46   1:40 
Brett Ritchie            0  0  0   2  0   0  1  0  0  0  1/2    11:02   0:00   0:00 
Cal Clutterbuck          0  0  0  -1  0   1  0  0  0  0  0/1     8:28   0:00   0:00 
Casey Cizikas            1  0  1   2  0   2  2  1  0  0  0/1    18:30   5:48   1:40 
Colin Wilson             0  0  0  -1  0   0  0  0  0  0  1/3    15:12   5:48   0:56 
Damon Severson           0  0  0   0  2   2  1  3  0  0  0/0    20:29   5:38   2:42 
Jim Slater               0  0  0   0  0   0  0  0  0  0  0/0     0:00   0:00   0:00 
Joakim Nordstrom         0  0  0  -1  0   0  0  0  0  0  1/8     8:28   0:00   0:00 
Nathan Gerbe             0  0  0   0  0   1  0  0  0  0  1/1     7:30   0:00   0:00 
Rene Bourque             0  0  0   0  2   2  0  0  0  0  0/1     7:53   0:00   0:24 
Roman Polak              0  0  0   1  0   0  0  0  0  0  0/0    18:12   5:38   1:45 
Ryan Johansen            1  0  1   0  0   2  2  0  0  0  17/35  23:33   7:46   4:17 
Sami Vatanen             0  0  0   0  0   1  2  1  0  0  0/0    12:10   0:00   0:00 
Tom Gilbert              0  0  0   0  0   0  0  0  0  0  0/0     0:00   0:00   0:00 
Victor Hedman            1  2  3   0  2   7  0  1  0  0  0/0    26:56   7:56   3:30 
Viktor Arvidsson         0  1  1   0  0   2  1  1  0  0  1/1    25:08   7:46   5:52 
Xavier Ouellet           0  0  0   1  0   0  0  0  0  0  0/0    14:24   0:00   3:35 
Zach Werenski            0  1  1   0  0   3  0  3  0  0  0/0    27:47   7:56   4:20 
Zemgus Girgensons        0  0  0   0  0   1  1  0  0  0  3/5     7:30   0:00   0:00 

Players Stats for TAMPA BAY

Player Name              G  A  P  +/- PIM S  H  SB GA TA FO     MP     PP MP  PK MP  
------------------------------------------------------------------------------------
Andrej Sekera            0  1  1   1  4   1  4  0  0  0  0/0    19:55   3:17   5:02 
Anthony DeAngelo         0  0  0   0  0   0  0  0  0  0  0/0     0:00   0:00   0:00 
Brandon Montour          0  0  0  -1  2   1  1  0  0  0  0/0    12:19   0:00   0:46 
Brendan Perlini          0  0  0   0  0   1  0  0  0  0  1/1     7:20   0:00   0:27 
Charlie Coyle            0  0  0   1  2   1  2  0  0  0  1/2    15:42   3:04   0:00 
Derek Ryan               0  0  0   0  0   1  0  0  0  0  5/8     6:53   0:00   0:00 
Elias Lindholm           0  0  0  -1  0   0  1  1  0  0  12/20  19:37   3:04   7:00 
Evgeni Malkin            1  1  2   1  0   3  1  0  0  0  1/1    19:20   4:52   1:49 
John Klingberg           1  0  1  -1  0   3  0  3  0  0  0/0    22:47   4:39   6:34 
Julius Honka             0  0  0  -1  0   0  1  0  0  0  0/0     3:58   0:00   0:00 
Kyle Turris              0  0  0  -1  0   2  1  0  0  0  5/13   21:43   4:52   7:18 
Mark Streit              0  0  0   0  0   0  1  2  0  0  0/0    19:11   0:00   3:36 
Mathieu Perreault        0  0  0  -1  2   0  2  0  0  0  4/8    13:24   0:00   4:00 
Matt Niskanen            0  0  0   0  2   0  3  0  0  0  0/0    19:00   3:17   4:23 
Nick Ritchie             0  0  0   0  2   2  2  0  0  0  1/1     6:52   0:00   0:00 
Robby Fabbri             0  0  0  -1  0   1  0  0  0  0  0/0     9:25   0:00   0:00 
Ryan Getzlaf             0  2  2   1  0   2  4  0  0  0  11/23  22:44   4:52   5:13 
Sebastian Aho            0  0  0  -1  0   1  0  0  0  0  0/1    12:37   3:04   0:00 
Tanner Pearson           0  0  0  -1  0   0  0  0  0  0  1/1    10:46   0:00   1:21 
Torey Krug               0  0  0   0  0   0  1  4  0  0  0/0    22:47   4:39   6:47 

3 Stars

1 - Casey Cizikas (WSH)
2 - Victor Hedman (WSH)
3 - Alexander Wennberg (WSH)

Power Play

WASHINGTON - 1 on 7 Attempt(s) - 14.29%
TAMPA BAY - 0 on 4 Attempt(s) - 0.00%

Penalty Kill

WASHINGTON - 4 on 4 Attempt(s) - 100.00% - Score 0 goal in Penalty Kill
TAMPA BAY - 6 on 7 Attempt(s) - 85.71% - Score 0 goal in Penalty Kill

Team Stat

WASHINGTON - Hits : 11 - Faceoff Wins : 37 - Blocked Shots : 10 - Penalty Minutes : 8
TAMPA BAY - Hits : 24 - Faceoff Wins : 42 - Blocked Shots : 10 - Penalty Minutes : 14

Official

Referees : Unknown
Linesman : Unknown

Game Notes

No Game Note

Finance

Level 1 -- Attendance: 4426 (73.77%) -- Ticket Income $442,600
Level 2 -- Attendance: 3906 (78.12%) -- Ticket Income $234,360
Level 3 -- Attendance: 1945 (97.25%) -- Ticket Income $68,075
Level 4 -- Attendance: 3743 (93.58%) -- Ticket Income $74,860
Luxury Box -- Attendance: 663 (66.30%) -- Ticket Income $132,600
Game was played at the Amalie Arena.
Total Attendance: 14683 (81.57%)
Total Ticket Income: $952,495
Total Income: $952,495

WASHINGTON

5 vs 5 Forward 
   Center                   Left Wing                Right Wing               Time % Phy DF OF 
 1 Ryan Johansen            Brayden Schenn           Viktor Arvidsson         40     1   2  2  
 2 Alexander Wennberg       Brett Ritchie            Casey Cizikas            35     1   2  2  
 3 Joakim Nordstrom         Colin Wilson             Cal Clutterbuck          20     1   3  1  
 4 Zemgus Girgensons        Nathan Gerbe             Rene Bourque             5      2   2  1  

5 vs 5 Defense 
   Defense                  Defense                                           Time % Phy DF OF 
 1 Victor Hedman            Zach Werenski                                     40     1   2  2  
 2 Damon Severson           Sami Vatanen                                      30     1   2  2  
 3 Roman Polak              Xavier Ouellet                                    20     1   2  2  
 4 Victor Hedman            Zach Werenski                                     10     1   2  2  

PowerPlay Forward 
   Center                   Left Wing                Right Wing               Time % Phy DF OF 
 1 Ryan Johansen            Brayden Schenn           Viktor Arvidsson         60     1   1  3  
 2 Alexander Wennberg       Colin Wilson             Casey Cizikas            40     1   1  3  

PowerPlay Defense
   Defense                  Defense                                           Time % Phy DF OF 
 1 Victor Hedman            Zach Werenski                                     60     1   1  3  
 2 Damon Severson           Roman Polak                                       40     1   1  3  

Penalty Kill 4 Players Forward 
   Center                   Wing                     Time % Phy DF OF 
 1 Ryan Johansen            Viktor Arvidsson         60     1   4  0  
 2 Brayden Schenn           Casey Cizikas            40     1   4  0  

Penalty Kill 4 Players Defense
   Defense                  Defense                  Time % Phy DF OF 
 1 Victor Hedman            Zach Werenski            60     1   4  0  
 2 Damon Severson           Xavier Ouellet           40     1   4  0  

Penalty Kill - 3 Players Forward 
   Forward                                           Time % Phy DF OF 
 1 Ryan Johansen                                     60     1   4  0  
 2 Viktor Arvidsson                                  40     1   4  0  

Penalty Kill - 3 Players Defense
   Defense                  Defense                  Time % Phy DF OF 
 1 Victor Hedman            Zach Werenski            60     1   4  0  
 2 Damon Severson           Xavier Ouellet           40     1   4  0  

4 vs 4 Forward 
   Center                   Wing                     Time % Phy DF OF 
 1 Ryan Johansen            Viktor Arvidsson         60     1   2  2  
 2 Alexander Wennberg       Brayden Schenn           40     1   2  2  

4 vs 4 Defense
   Defense                  Defense                  Time % Phy DF OF 
 1 Victor Hedman            Zach Werenski            60     1   2  2  
 2 Damon Severson           Roman Polak              40     1   2  2  

Last Minutes Offensive
   Center                   Left Wing                Right Wing               Defense                  Defense                  
   Ryan Johansen            Brayden Schenn           Viktor Arvidsson         Victor Hedman            Zach Werenski            

Last Minutes Defensive
   Center                   Left Wing                Right Wing               Defense                  Defense                  
   Ryan Johansen            Viktor Arvidsson         Casey Cizikas            Victor Hedman            Zach Werenski            

Goaltenders
Starting : Ryan Miller              
Backup : Mike Condon              

Extra Forwards
Normal : Nathan Gerbe, Ryan Johansen, Colin Wilson - PP : Nathan Gerbe, Ryan Johansen - PK : Colin Wilson
Extra Defensemen
Normal : Roman Polak, Xavier Ouellet, Damon Severson - PP : Roman Polak - PK : Xavier Ouellet, Damon Severson
Penalty Shots
Ryan Johansen, Viktor Arvidsson, Brayden Schenn, Alexander Wennberg, Casey Cizikas

Scratches
WSH CAP HIT (Suspend)

TAMPA BAY

5 vs 5 Forward 
   Center                   Left Wing                Right Wing               Time % Phy DF OF 
 1 Ryan Getzlaf             Evgeni Malkin            Charlie Coyle            31     0   2  3  
 2 Kyle Turris              Sebastian Aho            Elias Lindholm           25     0   2  3  
 3 Mathieu Perreault        Tanner Pearson           Robby Fabbri             24     0   2  3  
 4 Derek Ryan               Brendan Perlini          Nick Ritchie             20     1   2  2  

5 vs 5 Defense 
   Defense                  Defense                                           Time % Phy DF OF 
 1 John Klingberg           Brandon Montour                                   34     1   2  2  
 2 Torey Krug               Matt Niskanen                                     33     1   2  2  
 3 Andrej Sekera            Mark Streit                                       33     0   3  2  
 4 Mark Streit              Julius Honka                                      0      1   2  2  

PowerPlay Forward 
   Center                   Left Wing                Right Wing               Time % Phy DF OF 
 1 Ryan Getzlaf             Evgeni Malkin            Kyle Turris              60     0   2  3  
 2 Elias Lindholm           Sebastian Aho            Charlie Coyle            40     0   2  3  

PowerPlay Defense
   Defense                  Defense                                           Time % Phy DF OF 
 1 John Klingberg           Torey Krug                                        60     0   3  2  
 2 Andrej Sekera            Matt Niskanen                                     40     0   3  2  

Penalty Kill 4 Players Forward 
   Center                   Wing                     Time % Phy DF OF 
 1 Elias Lindholm           Kyle Turris              60     1   3  1  
 2 Ryan Getzlaf             Mathieu Perreault        40     1   3  1  

Penalty Kill 4 Players Defense
   Defense                  Defense                  Time % Phy DF OF 
 1 Andrej Sekera            Torey Krug               60     1   4  0  
 2 Matt Niskanen            John Klingberg           40     1   4  0  

Penalty Kill - 3 Players Forward 
   Forward                                           Time % Phy DF OF 
 1 Elias Lindholm                                    60     1   4  0  
 2 Ryan Getzlaf                                      40     1   4  0  

Penalty Kill - 3 Players Defense
   Defense                  Defense                  Time % Phy DF OF 
 1 Andrej Sekera            Torey Krug               60     1   4  0  
 2 Matt Niskanen            John Klingberg           40     1   4  0  

4 vs 4 Forward 
   Center                   Wing                     Time % Phy DF OF 
 1 Ryan Getzlaf             Evgeni Malkin            60     1   2  2  
 2 Elias Lindholm           Kyle Turris              40     1   2  2  

4 vs 4 Defense
   Defense                  Defense                  Time % Phy DF OF 
 1 John Klingberg           Matt Niskanen            60     1   2  2  
 2 Torey Krug               Andrej Sekera            40     1   2  2  

Last Minutes Offensive
   Center                   Left Wing                Right Wing               Defense                  Defense                  
   Ryan Getzlaf             Evgeni Malkin            Kyle Turris              John Klingberg           Torey Krug               

Last Minutes Defensive
   Center                   Left Wing                Right Wing               Defense                  Defense                  
   Ryan Getzlaf             Evgeni Malkin            Elias Lindholm           John Klingberg           Andrej Sekera            

Goaltenders
Starting : Devan Dubnyk             
Backup : Aaron Dell               

Extra Forwards
Normal : Tanner Pearson, Sebastian Aho, Mathieu Perreault - PP : Tanner Pearson, Mathieu Perreault - PK : Tanner Pearson
Extra Defensemen
Normal : Mark Streit, Torey Krug, John Klingberg - PP : Mark Streit - PK : Torey Krug, Mark Streit
Penalty Shots
Evgeni Malkin, Ryan Getzlaf, Mathieu Perreault, Kyle Turris, Sebastian Aho

Scratches
TB CAP HIT (Suspend), Marc-Edouard Vlasic (Suspend)

% Time on Ice - WASHINGTON

Lines # - Real PCT - Wanted PCT - Time Play
Normal Forward
1 - 30% - 40% - 11:30
2 - 29% - 35% - 11:02
3 - 22% - 20% - 8:28
4 - 19% - 5% - 7:30
Normal Defense
1 - 39% - 40% - 15:11
2 - 32% - 30% - 12:10
3 - 28% - 20% - 10:49
4 - 1% - 10% - 0:20
PP Forward
1 - 57% - 60% - 7:46
2 - 43% - 40% - 5:48
PP Defense
1 - 58% - 60% - 7:56
2 - 42% - 40% - 5:38
PK Forward
1 - 79% - 60% - 6:16
2 - 21% - 40% - 1:40
PK Defense
1 - 62% - 60% - 4:55
2 - 38% - 40% - 3:01
PK3 Forward
1 - 0% - 60%
2 - 0% - 40%
PK3 Defense
1 - 0% - 60%
2 - 0% - 40%
44 Forward
1 - 0% - 60%
2 - 0% - 40%
44 Defense
1 - 0% - 60%
2 - 0% - 40%
Last Minute Offensive  - 0:00
Last Minute Defensive  - 0:00
Total
Forward - 60:00
Defense - 60:00

% Time on Ice - TAMPA BAY

Lines # - Real PCT - Wanted PCT - Time Play
Normal Forward
1 - 33% - 31% - 12:39
2 - 25% - 25% - 9:33
3 - 24% - 24% - 9:25
4 - 18% - 20% - 6:53
Normal Defense
1 - 30% - 34% - 11:34
2 - 29% - 33% - 11:21
3 - 30% - 33% - 11:37
4 - 10% - 0% - 3:58
PP Forward
1 - 61% - 60% - 4:52
2 - 39% - 40% - 3:04
PP Defense
1 - 59% - 60% - 4:39
2 - 41% - 40% - 3:17
PK Forward
1 - 64% - 60% - 8:45
2 - 36% - 40% - 4:49
PK Defense
1 - 52% - 60% - 7:00
2 - 48% - 40% - 6:34
PK3 Forward
1 - 0% - 60%
2 - 0% - 40%
PK3 Defense
1 - 0% - 60%
2 - 0% - 40%
44 Forward
1 - 0% - 60%
2 - 0% - 40%
44 Defense
1 - 0% - 60%
2 - 0% - 40%
Last Minute Offensive  - 0:00
Last Minute Defensive  - 0:00
Total
Forward - 60:00
Defense - 60:00

Play by Play

1st period


0:01 of 1st period - Ryan Johansen wins face-off versus Ryan Getzlaf in neutral zone.
0:43 of 1st period - Icing by Viktor Arvidsson.
0:44 of 1st period - Ryan Johansen wins face-off versus Kyle Turris in WASHINGTON zone.
1:34 of 1st period - Shot by Alexander Wennberg.
1:34 of 1st period - Shot Misses the Net.
1:36 of 1st period - Shot by Alexander Wennberg.
1:36 of 1st period - Deflect By Brett Ritchie.
1:36 of 1st period - Shot Misses the Net.
1:58 of 1st period - Shot by Cal Clutterbuck.
1:58 of 1st period - Shot Misses the Net.
2:19 of 1st period - Joakim Nordstrom is hit by Matt Niskanen and loses puck.
3:10 of 1st period - Minor Penalty to Mathieu Perreault for Holding.
3:11 of 1st period - Ryan Getzlaf wins face-off versus Ryan Johansen in TAMPA BAY zone.
5:33 of 1st period - Zemgus Girgensons is hit by Julius Honka and loses puck.
5:57 of 1st period - Minor Penalty to Rene Bourque for Interference.
5:58 of 1st period - Elias Lindholm wins face-off versus Ryan Johansen in WASHINGTON zone.
6:05 of 1st period - Shot by Andrej Sekera.
6:05 of 1st period - Shot Misses the Net.
6:30 of 1st period - Icing by Matt Niskanen.
6:31 of 1st period - Brayden Schenn wins face-off versus Elias Lindholm in TAMPA BAY zone.
7:05 of 1st period - Icing by Torey Krug.
7:06 of 1st period - Ryan Getzlaf wins face-off versus Brayden Schenn in TAMPA BAY zone.
7:06 of 1st period - Ryan Getzlaf is hit by Casey Cizikas.
8:04 of 1st period - Shot by Casey Cizikas.
8:04 of 1st period - Goal by Casey Cizikas - WASHINGTON : 1 - TAMPA BAY : 0.
8:05 of 1st period - Alexander Wennberg wins face-off versus Mathieu Perreault in neutral zone.
8:10 of 1st period - Shot by Alexander Wennberg.
8:10 of 1st period - Stopped by Devan Dubnyk without a rebound.
8:11 of 1st period - Derek Ryan wins face-off versus Alexander Wennberg in TAMPA BAY zone.
8:31 of 1st period - Shot by Andrej Sekera.
8:31 of 1st period - Stopped by Ryan Miller without a rebound.
8:32 of 1st period - Ryan Getzlaf wins face-off versus Joakim Nordstrom in WASHINGTON zone.
8:39 of 1st period - Shot by Evgeni Malkin.
8:39 of 1st period - Shot Blocked by Damon Severson.
8:51 of 1st period - Shot by Evgeni Malkin.
8:51 of 1st period - Shot Misses the Net.
8:53 of 1st period - Shot by John Klingberg.
8:53 of 1st period - Goal by John Klingberg - WASHINGTON : 1 - TAMPA BAY : 1.
8:54 of 1st period - Mathieu Perreault wins face-off versus Alexander Wennberg in neutral zone.
9:02 of 1st period - Icing by Zach Werenski.
9:03 of 1st period - Alexander Wennberg wins face-off versus Ryan Getzlaf in WASHINGTON zone.
9:03 of 1st period - Alexander Wennberg is hit by Ryan Getzlaf.
9:06 of 1st period - Victor Hedman is hit by Charlie Coyle and loses puck.
9:10 of 1st period - Victor Hedman is hit by Andrej Sekera.
10:17 of 1st period - Shot by Viktor Arvidsson.
10:17 of 1st period - Shot Misses the Net.
10:22 of 1st period - Brandon Montour is hit by Sami Vatanen and loses puck.
10:26 of 1st period - Mathieu Perreault is hit by Damon Severson and loses puck.
10:47 of 1st period - Minor Penalty to Damon Severson for Tripping.
10:48 of 1st period - Ryan Johansen wins face-off versus Sebastian Aho in WASHINGTON zone.
10:54 of 1st period - Icing by Sebastian Aho.
10:55 of 1st period - Ryan Johansen wins face-off versus Elias Lindholm in TAMPA BAY zone.
11:04 of 1st period - Viktor Arvidsson is hit by Charlie Coyle and loses puck.
11:46 of 1st period - Icing by Andrej Sekera.
11:47 of 1st period - Evgeni Malkin wins face-off versus Ryan Johansen in TAMPA BAY zone.
11:52 of 1st period - Matt Niskanen is hit by Viktor Arvidsson and loses puck.
12:49 of 1st period - Joakim Nordstrom is hit by Nick Ritchie and loses puck.
13:03 of 1st period - Shot by Derek Ryan.
13:03 of 1st period - Shot Misses the Net.
13:26 of 1st period - Icing by Mark Streit.
13:27 of 1st period - Zemgus Girgensons wins face-off versus Derek Ryan in TAMPA BAY zone.
13:34 of 1st period - Shot by Nathan Gerbe.
13:34 of 1st period - Deflect By Zemgus Girgensons.
13:34 of 1st period - Shot Blocked by Mark Streit.
13:36 of 1st period - Shot by Xavier Ouellet.
13:36 of 1st period - Shot Misses the Net.
13:38 of 1st period - Shot by Xavier Ouellet.
13:38 of 1st period - Deflect By Rene Bourque.
13:38 of 1st period - Stopped by Devan Dubnyk without a rebound.
13:39 of 1st period - Brett Ritchie wins face-off versus Ryan Getzlaf in TAMPA BAY zone.
14:10 of 1st period - Shot by Alexander Wennberg.
14:10 of 1st period - Goal by Alexander Wennberg - WASHINGTON : 2 - TAMPA BAY : 1.
14:11 of 1st period - Ryan Johansen wins face-off versus Kyle Turris in neutral zone.
14:35 of 1st period - Ryan Johansen is hit by Matt Niskanen and loses puck.
14:41 of 1st period - Viktor Arvidsson is hit by Torey Krug.
14:43 of 1st period - Shot by Ryan Johansen.
14:43 of 1st period - Shot Hit the Post.
14:45 of 1st period - Shot by Ryan Johansen.
14:45 of 1st period - Deflect By Brayden Schenn.
14:45 of 1st period - Shot Misses the Net.
14:49 of 1st period - Shot by Brayden Schenn.
14:49 of 1st period - Shot Blocked by Elias Lindholm.
14:51 of 1st period - Shot by Brayden Schenn.
14:51 of 1st period - Shot Misses the Net.
14:56 of 1st period - Viktor Arvidsson is hit by Matt Niskanen and loses puck.
16:56 of 1st period - Shot by Rene Bourque.
16:56 of 1st period - Stopped by Devan Dubnyk without a rebound.
16:57 of 1st period - Derek Ryan wins face-off versus Ryan Johansen in TAMPA BAY zone.
16:57 of 1st period - Derek Ryan is hit by Brayden Schenn.
17:18 of 1st period - Shot by Brendan Perlini.
17:18 of 1st period - Stopped by Ryan Miller with a rebound.
17:20 of 1st period - Shot by John Klingberg.
17:20 of 1st period - Stopped by Ryan Miller without a rebound.
17:21 of 1st period - Mathieu Perreault wins face-off versus Joakim Nordstrom in WASHINGTON zone.
18:05 of 1st period - Minor Penalty to Charlie Coyle for Delaying the game.
18:06 of 1st period - Elias Lindholm wins face-off versus Ryan Johansen in TAMPA BAY zone.
19:11 of 1st period - Alexander Wennberg is hit by Andrej Sekera and loses puck.
19:49 of 1st period - Shot by Victor Hedman.
19:49 of 1st period - Shot Misses the Net.
Goals for this period are 2 for WASHINGTON vs 1 for TAMPA BAY.
Shots for this period are 5 for WASHINGTON vs 4 for TAMPA BAY.

2nd period


0:01 of 2nd period - Elias Lindholm wins face-off versus Ryan Johansen in neutral zone.
0:27 of 2nd period - Minor Penalty to Brandon Montour for Charging.
0:28 of 2nd period - Elias Lindholm wins face-off versus Ryan Johansen in TAMPA BAY zone.
0:34 of 2nd period - Icing by Zach Werenski.
0:35 of 2nd period - Elias Lindholm wins face-off versus Ryan Johansen in WASHINGTON zone.
1:02 of 2nd period - Shot by Brayden Schenn.
1:02 of 2nd period - Shot Blocked by John Klingberg.
1:12 of 2nd period - Shot by Zach Werenski.
1:12 of 2nd period - Stopped by Devan Dubnyk with a rebound.
1:14 of 2nd period - Shot by Zach Werenski.
1:14 of 2nd period - Shot Blocked by John Klingberg.
1:20 of 2nd period - Shot by Zach Werenski.
1:20 of 2nd period - Shot Misses the Net.
2:30 of 2nd period - Shot by Brendan Perlini.
2:30 of 2nd period - Shot Blocked by Damon Severson.
2:32 of 2nd period - Shot by Nick Ritchie.
2:32 of 2nd period - Stopped by Ryan Miller without a rebound.
2:33 of 2nd period - Derek Ryan wins face-off versus Zemgus Girgensons in WASHINGTON zone.
3:05 of 2nd period - Shot by Brendan Perlini.
3:05 of 2nd period - Shot Misses the Net.
3:13 of 2nd period - Minor Penalty to Nick Ritchie for Roughing.
3:14 of 2nd period - Elias Lindholm wins face-off versus Ryan Johansen in TAMPA BAY zone.
3:39 of 2nd period - Icing by Viktor Arvidsson.
3:40 of 2nd period - Elias Lindholm wins face-off versus Brayden Schenn in WASHINGTON zone.
4:43 of 2nd period - Shot by Damon Severson.
4:43 of 2nd period - Stopped by Devan Dubnyk without a rebound.
4:44 of 2nd period - Alexander Wennberg wins face-off versus Ryan Getzlaf in TAMPA BAY zone.
5:18 of 2nd period - Off-side.
5:19 of 2nd period - Derek Ryan wins face-off versus Ryan Johansen in neutral zone.
5:27 of 2nd period - Ryan Johansen is hit by Nick Ritchie and loses puck.
5:38 of 2nd period - Shot by Brayden Schenn.
5:38 of 2nd period - Stopped by Devan Dubnyk without a rebound.
5:39 of 2nd period - Zemgus Girgensons wins face-off versus Ryan Getzlaf in TAMPA BAY zone.
5:50 of 2nd period - Shot by Zemgus Girgensons.
5:50 of 2nd period - Shot Misses the Net.
5:52 of 2nd period - Shot by Zemgus Girgensons.
5:52 of 2nd period - Shot Misses the Net.
6:03 of 2nd period - Nathan Gerbe is hit by Andrej Sekera and loses puck.
6:04 of 2nd period - Double Minor Penalty to Andrej Sekera for Slashing.
6:05 of 2nd period - Elias Lindholm wins face-off versus Ryan Johansen in TAMPA BAY zone.
6:13 of 2nd period - Off-side.
6:14 of 2nd period - Ryan Johansen wins face-off versus Elias Lindholm in neutral zone.
6:42 of 2nd period - Shot by Victor Hedman.
6:42 of 2nd period - Stopped by Devan Dubnyk without a rebound.
6:43 of 2nd period - Alexander Wennberg wins face-off versus Elias Lindholm in TAMPA BAY zone.
6:46 of 2nd period - Shot by Damon Severson.
6:46 of 2nd period - Shot Hit the Post.
7:16 of 2nd period - Shot by Damon Severson.
7:16 of 2nd period - Shot Misses the Net.
7:18 of 2nd period - Shot by Casey Cizikas.
7:18 of 2nd period - Shot Blocked by John Klingberg.
7:47 of 2nd period - Shot by Victor Hedman.
7:47 of 2nd period - Shot Blocked by Mark Streit.
8:01 of 2nd period - Shot by Victor Hedman.
8:01 of 2nd period - Deflect By Ryan Johansen.
8:01 of 2nd period - Shot Blocked by Torey Krug.
8:03 of 2nd period - Shot by Zach Werenski.
8:03 of 2nd period - Deflect By Viktor Arvidsson.
8:03 of 2nd period - Shot Misses the Net.
8:05 of 2nd period - Shot by Zach Werenski.
8:05 of 2nd period - Shot Blocked by Torey Krug.
8:07 of 2nd period - Shot by Victor Hedman.
8:07 of 2nd period - Stopped by Devan Dubnyk without a rebound.
8:08 of 2nd period - Ryan Johansen wins face-off versus Elias Lindholm in TAMPA BAY zone.
8:22 of 2nd period - Shot by Zach Werenski.
8:22 of 2nd period - Stopped by Devan Dubnyk with a rebound.
8:24 of 2nd period - Shot by Brayden Schenn.
8:24 of 2nd period - Shot Misses the Net.
8:26 of 2nd period - Shot by Ryan Johansen.
8:26 of 2nd period - Shot Misses the Net.
8:28 of 2nd period - Shot by Zach Werenski.
8:28 of 2nd period - Shot Misses the Net.
9:03 of 2nd period - Shot by Damon Severson.
9:03 of 2nd period - Stopped by Devan Dubnyk without a rebound.
9:04 of 2nd period - Ryan Getzlaf wins face-off versus Alexander Wennberg in TAMPA BAY zone.
9:13 of 2nd period - Damon Severson is hit by Ryan Getzlaf and loses puck.
9:17 of 2nd period - Icing by Alexander Wennberg.
9:18 of 2nd period - Ryan Getzlaf wins face-off versus Alexander Wennberg in WASHINGTON zone.
9:43 of 2nd period - Shot by Victor Hedman.
9:43 of 2nd period - Goal by Victor Hedman - WASHINGTON : 3 - TAMPA BAY : 1.
9:44 of 2nd period - Nathan Gerbe wins face-off versus Derek Ryan in neutral zone.
9:49 of 2nd period - Brendan Perlini is hit by Zemgus Girgensons and loses puck.
9:55 of 2nd period - Off-side.
9:56 of 2nd period - Ryan Johansen wins face-off versus Ryan Getzlaf in neutral zone.
10:34 of 2nd period - Icing by Ryan Getzlaf.
10:35 of 2nd period - Ryan Getzlaf wins face-off versus Joakim Nordstrom in TAMPA BAY zone.
11:02 of 2nd period - Sami Vatanen is hit by Mathieu Perreault and loses puck.
11:18 of 2nd period - Icing by Cal Clutterbuck.
11:19 of 2nd period - Kyle Turris wins face-off versus Joakim Nordstrom in WASHINGTON zone.
11:48 of 2nd period - Shot by Ryan Johansen.
11:48 of 2nd period - Deflect By Viktor Arvidsson.
11:48 of 2nd period - Shot Misses the Net.
11:56 of 2nd period - Shot by Victor Hedman.
11:56 of 2nd period - Stopped by Devan Dubnyk without a rebound.
11:57 of 2nd period - Mathieu Perreault wins face-off versus Brett Ritchie in TAMPA BAY zone.
12:23 of 2nd period - Mark Streit is hit by Brett Ritchie and loses puck.
12:34 of 2nd period - Shot by Alexander Wennberg.
12:34 of 2nd period - Stopped by Devan Dubnyk without a rebound.
12:35 of 2nd period - Ryan Getzlaf wins face-off versus Ryan Johansen in TAMPA BAY zone.
12:42 of 2nd period - Shot by Ryan Getzlaf.
12:42 of 2nd period - Shot Blocked by Zach Werenski.
12:55 of 2nd period - Shot by Victor Hedman.
12:55 of 2nd period - Shot Misses the Net.
12:57 of 2nd period - Shot by Zach Werenski.
12:57 of 2nd period - Stopped by Devan Dubnyk without a rebound.
12:58 of 2nd period - Kyle Turris wins face-off versus Joakim Nordstrom in TAMPA BAY zone.
13:00 of 2nd period - Icing by John Klingberg.
13:01 of 2nd period - Alexander Wennberg wins face-off versus Kyle Turris in TAMPA BAY zone.
13:06 of 2nd period - Shot by Victor Hedman.
13:06 of 2nd period - Stopped by Devan Dubnyk without a rebound.
13:07 of 2nd period - Ryan Johansen wins face-off versus Ryan Getzlaf in TAMPA BAY zone.
13:07 of 2nd period - Ryan Johansen is hit by Andrej Sekera.
13:19 of 2nd period - Shot by Victor Hedman.
13:19 of 2nd period - Stopped by Devan Dubnyk without a rebound.
13:20 of 2nd period - Alexander Wennberg wins face-off versus Mathieu Perreault in TAMPA BAY zone.
13:49 of 2nd period - Shot by Tanner Pearson.
13:49 of 2nd period - Shot Blocked by Sami Vatanen.
14:13 of 2nd period - Icing by Matt Niskanen.
14:14 of 2nd period - Tanner Pearson wins face-off versus Ryan Johansen in TAMPA BAY zone.
14:47 of 2nd period - Shot by Evgeni Malkin.
14:47 of 2nd period - Goal by Evgeni Malkin - WASHINGTON : 3 - TAMPA BAY : 2.
14:48 of 2nd period - Joakim Nordstrom wins face-off versus Kyle Turris in neutral zone.
15:15 of 2nd period - Cal Clutterbuck is hit by Brandon Montour.
15:44 of 2nd period - Icing by Alexander Wennberg.
15:45 of 2nd period - Alexander Wennberg wins face-off versus Ryan Getzlaf in WASHINGTON zone.
15:45 of 2nd period - Casey Cizikas is hit by Ryan Getzlaf and loses puck.
16:15 of 2nd period - Shot by Evgeni Malkin.
16:15 of 2nd period - Shot Misses the Net.
16:17 of 2nd period - Shot by Andrej Sekera.
16:17 of 2nd period - Shot Blocked by Casey Cizikas.
16:25 of 2nd period - Shot by Evgeni Malkin.
16:25 of 2nd period - Shot Blocked by Zach Werenski.
16:27 of 2nd period - Shot by Andrej Sekera.
16:27 of 2nd period - Shot Blocked by Zach Werenski.
16:29 of 2nd period - Shot by Charlie Coyle.
16:29 of 2nd period - Shot Misses the Net.
16:31 of 2nd period - Shot by Charlie Coyle.
16:31 of 2nd period - Shot Misses the Net.
17:06 of 2nd period - Icing by Matt Niskanen.
17:07 of 2nd period - Brayden Schenn wins face-off versus Mathieu Perreault in TAMPA BAY zone.
17:08 of 2nd period - Shot by Ryan Johansen.
17:08 of 2nd period - Stopped by Devan Dubnyk without a rebound.
17:09 of 2nd period - Ryan Johansen wins face-off versus Kyle Turris in TAMPA BAY zone.
17:52 of 2nd period - Shot by Brayden Schenn.
17:52 of 2nd period - Deflect By Ryan Johansen.
17:52 of 2nd period - Goal by Ryan Johansen - WASHINGTON : 4 - TAMPA BAY : 2.
17:53 of 2nd period - Ryan Getzlaf wins face-off versus Joakim Nordstrom in neutral zone.
17:58 of 2nd period - Shot by Evgeni Malkin.
17:58 of 2nd period - Shot Misses the Net.
18:08 of 2nd period - Shot by Colin Wilson.
18:08 of 2nd period - Deflect By Cal Clutterbuck.
18:08 of 2nd period - Stopped by Devan Dubnyk without a rebound.
18:09 of 2nd period - Derek Ryan wins face-off versus Rene Bourque in TAMPA BAY zone.
18:34 of 2nd period - Shot by Nathan Gerbe.
18:34 of 2nd period - Stopped by Devan Dubnyk with a rebound.
19:22 of 2nd period - Shot by Mark Streit.
19:22 of 2nd period - Shot Blocked by Victor Hedman.
19:25 of 2nd period - Minor Penalty to Victor Hedman for Holding.
19:26 of 2nd period - Charlie Coyle wins face-off versus Ryan Johansen in WASHINGTON zone.
19:27 of 2nd period - Shot by John Klingberg.
19:27 of 2nd period - Stopped by Ryan Miller without a rebound.
19:28 of 2nd period - Ryan Johansen wins face-off versus Ryan Getzlaf in WASHINGTON zone.
Goals for this period are 2 for WASHINGTON vs 1 for TAMPA BAY.
Shots for this period are 17 for WASHINGTON vs 3 for TAMPA BAY.

3rd period


0:01 of 3rd period - Ryan Getzlaf wins face-off versus Ryan Johansen in neutral zone.
0:21 of 3rd period - Shot by John Klingberg.
0:21 of 3rd period - Shot Misses the Net.
1:22 of 3rd period - Off-side.
1:23 of 3rd period - Brayden Schenn wins face-off versus Charlie Coyle in neutral zone.
1:25 of 3rd period - Xavier Ouellet is hit by Mark Streit and loses puck.
2:19 of 3rd period - Icing by Joakim Nordstrom.
2:20 of 3rd period - Brendan Perlini wins face-off versus Cal Clutterbuck in WASHINGTON zone.
2:26 of 3rd period - Minor Penalty to Matt Niskanen for Hooking.
2:27 of 3rd period - Elias Lindholm wins face-off versus Ryan Johansen in TAMPA BAY zone.
2:40 of 3rd period - Shot by Brayden Schenn.
2:40 of 3rd period - Stopped by Devan Dubnyk without a rebound.
2:41 of 3rd period - Elias Lindholm wins face-off versus Alexander Wennberg in TAMPA BAY zone.
2:41 of 3rd period - Elias Lindholm is hit by Casey Cizikas.
3:07 of 3rd period - Shot by Victor Hedman.
3:07 of 3rd period - Stopped by Devan Dubnyk without a rebound.
3:08 of 3rd period - Ryan Johansen wins face-off versus Elias Lindholm in TAMPA BAY zone.
3:15 of 3rd period - Shot by Ryan Johansen.
3:15 of 3rd period - Shot Misses the Net.
3:17 of 3rd period - Shot by Viktor Arvidsson.
3:17 of 3rd period - Stopped by Devan Dubnyk without a rebound.
3:18 of 3rd period - Elias Lindholm wins face-off versus Ryan Johansen in TAMPA BAY zone.
3:18 of 3rd period - Elias Lindholm is hit by Ryan Johansen.
3:46 of 3rd period - Shot by Brayden Schenn.
3:46 of 3rd period - Shot Misses the Net.
3:58 of 3rd period - Shot by Damon Severson.
3:58 of 3rd period - Shot Blocked by Torey Krug.
4:00 of 3rd period - Shot by Roman Polak.
4:00 of 3rd period - Shot Blocked by Torey Krug.
4:02 of 3rd period - Shot by Viktor Arvidsson.
4:02 of 3rd period - Stopped by Devan Dubnyk without a rebound.
4:03 of 3rd period - Alexander Wennberg wins face-off versus Elias Lindholm in TAMPA BAY zone.
4:41 of 3rd period - Shot by Ryan Getzlaf.
4:41 of 3rd period - Shot Misses the Net.
5:46 of 3rd period - Shot by Mathieu Perreault.
5:46 of 3rd period - Shot Misses the Net.
5:48 of 3rd period - Shot by Robby Fabbri.
5:48 of 3rd period - Stopped by Ryan Miller without a rebound.
5:49 of 3rd period - Kyle Turris wins face-off versus Alexander Wennberg in WASHINGTON zone.
6:04 of 3rd period - Shot by Casey Cizikas.
6:04 of 3rd period - Stopped by Devan Dubnyk without a rebound.
6:05 of 3rd period - Ryan Johansen wins face-off versus Derek Ryan in TAMPA BAY zone.
6:57 of 3rd period - Shot by Evgeni Malkin.
6:57 of 3rd period - Stopped by Ryan Miller without a rebound.
6:58 of 3rd period - Alexander Wennberg wins face-off versus Ryan Getzlaf in WASHINGTON zone.
8:57 of 3rd period - Off-side.
8:58 of 3rd period - Ryan Johansen wins face-off versus Mathieu Perreault in neutral zone.
9:26 of 3rd period - Icing by John Klingberg.
9:27 of 3rd period - Mathieu Perreault wins face-off versus Zemgus Girgensons in TAMPA BAY zone.
11:00 of 3rd period - Shot by Evgeni Malkin.
11:00 of 3rd period - Stopped by Ryan Miller without a rebound.
11:00 of 3rd period - Minor Penalty to Ryan Miller for Delaying the game.
11:01 of 3rd period - Colin Wilson wins face-off versus Elias Lindholm in WASHINGTON zone.
11:01 of 3rd period - Zach Werenski is hit by Elias Lindholm.
11:13 of 3rd period - Shot by Charlie Coyle.
11:13 of 3rd period - Stopped by Ryan Miller without a rebound.
11:14 of 3rd period - Ryan Getzlaf wins face-off versus Colin Wilson in WASHINGTON zone.
11:36 of 3rd period - Shot by Ryan Getzlaf.
11:36 of 3rd period - Stopped by Ryan Miller without a rebound.
11:37 of 3rd period - Elias Lindholm wins face-off versus Colin Wilson in WASHINGTON zone.
12:38 of 3rd period - Viktor Arvidsson is hit by Evgeni Malkin and loses puck.
13:26 of 3rd period - Shot by Sami Vatanen.
13:26 of 3rd period - Stopped by Devan Dubnyk with a rebound.
13:56 of 3rd period - Shot by Zemgus Girgensons.
13:56 of 3rd period - Stopped by Devan Dubnyk without a rebound.
13:57 of 3rd period - Ryan Getzlaf wins face-off versus Casey Cizikas in TAMPA BAY zone.
14:13 of 3rd period - Icing by Xavier Ouellet.
14:14 of 3rd period - Kyle Turris wins face-off versus Alexander Wennberg in WASHINGTON zone.
14:21 of 3rd period - Shot by Kyle Turris.
14:21 of 3rd period - Stopped by Ryan Miller without a rebound.
14:22 of 3rd period - Ryan Johansen wins face-off versus Ryan Getzlaf in WASHINGTON zone.
14:22 of 3rd period - Ryan Johansen is hit by Ryan Getzlaf.
14:36 of 3rd period - Icing by Brayden Schenn.
14:37 of 3rd period - Ryan Johansen wins face-off versus Kyle Turris in WASHINGTON zone.
15:20 of 3rd period - Shot by Elias Lindholm.
15:20 of 3rd period - Shot Blocked by Viktor Arvidsson.
15:22 of 3rd period - Shot by Kyle Turris.
15:22 of 3rd period - Stopped by Ryan Miller with a rebound.
16:03 of 3rd period - Shot by Evgeni Malkin.
16:03 of 3rd period - Shot Blocked by Damon Severson.
16:09 of 3rd period - Shot by Evgeni Malkin.
16:09 of 3rd period - Shot Misses the Net.
16:11 of 3rd period - Shot by Ryan Getzlaf.
16:11 of 3rd period - Stopped by Ryan Miller without a rebound.
16:12 of 3rd period - Nick Ritchie wins face-off versus Joakim Nordstrom in WASHINGTON zone.
16:33 of 3rd period - Shot by Derek Ryan.
16:33 of 3rd period - Stopped by Ryan Miller without a rebound.
16:34 of 3rd period - Zemgus Girgensons wins face-off versus Kyle Turris in WASHINGTON zone.
16:59 of 3rd period - Shot by Sebastian Aho.
16:59 of 3rd period - Stopped by Ryan Miller without a rebound.
17:00 of 3rd period - Viktor Arvidsson wins face-off versus Ryan Getzlaf in WASHINGTON zone.
18:18 of 3rd period - Mathieu Perreault is hit by Sami Vatanen and loses puck.
18:50 of 3rd period - Cal Clutterbuck is hit by Mathieu Perreault and loses puck.
19:14 of 3rd period - Shot by Derek Ryan.
19:14 of 3rd period - Shot Misses the Net.
19:16 of 3rd period - Shot by Nick Ritchie.
19:16 of 3rd period - Stopped by Ryan Miller with a rebound.
19:18 of 3rd period - Shot by Brandon Montour.
19:18 of 3rd period - Stopped by Ryan Miller without a rebound.
19:19 of 3rd period - Ryan Johansen wins face-off versus Kyle Turris in WASHINGTON zone.
19:19 of 3rd period - Victor Hedman is hit by Kyle Turris and loses puck.
19:30 of 3rd period - Icing by Elias Lindholm.
19:31 of 3rd period - Kyle Turris wins face-off versus Ryan Johansen in TAMPA BAY zone.
19:33 of 3rd period - John Klingberg is hit by Ryan Johansen and loses puck.
Goals for this period are 0 for WASHINGTON vs 0 for TAMPA BAY.
Shots for this period are 7 for WASHINGTON vs 12 for TAMPA BAY.